 Dungeon Crawl Stone Soup version 0.31-a0-865-g3d5d91748a (webtiles) character file.

Game seed: 7906986757887350064

161 lunkers the Insei (level 6, -2/37 HPs)
             Began as a Meteoran Shapeshifter on Oct 10, 2023.
             Killed from afar by a dart slug (3 damage)
             ... with a slug dart
             ... on level 4 of the Dungeon.
             The game lasted 00:02:08 (1498 turns).

lunkers the Insei (Meteoran Shapeshifter)           Turns: 1498, Time: 00:02:09

Health: -2/37      AC:  5    Str: 15    XL:     6   Next: 2%
Magic:  7/7        EV: 11    Int: 11    God:
Gold:   140        SH:  0    Dex: 17    Spells: 5/5 levels left

rFire   . .          .
                       - Unarmed
rCold   . . .        (shield currently unavailable)
rNeg    . . .        e - +0 ring mail
rPois   .            (no helmet)
rElec   .            (no cloak)
rCorr   .            (no gloves)
SInv    .            (no boots)
Will    .....        (no amulet)
Stlth   +            (no ring)
HPRegen 0.26/turn    (no ring)
MPRegen 0.10/turn

%: no passive effects
@: flux-form, glowing
A: glow, contaminating, reduced hp, sense surroundings 1, otherworldly, glowing,
explore regen
a: Begin Untransformation


You were on level 4 of the Dungeon.
You were something dangerously unstable.
You visited 1 branch of the dungeon, and saw 4 of its levels.

You collected 140 gold pieces.

Inventory:

Armour
 a - a +0 animal skin
 e - a +0 ring mail (worn)
 k - a +0 pair of gloves of strength
Talismans
 c - a beast talisman
 d - a flux talisman (active)
Scrolls
 f - a scroll of torment {unknown}
 g - 3 scrolls of identify {unknown}
 i - a scroll of enchant armour {unknown}
 j - a scroll of fear {unknown}
 m - 2 scrolls of teleportation {unknown}
 n - a scroll of noise {unknown}
Potions
 b - a potion of lignification
 h - a potion of degeneration {unknown}
 l - a potion of heal wounds {unknown}


   Skills:
 - Level 1.1 Fighting
 - Level 2.1 Dodging
 * Level 6.2 Unarmed Combat
 + Level 4.8 Shapeshifting


You had 5 spell levels left.
You didn't know any spells.
Your spell library contained the following spells:

 Spells                   Type           Power      Damage    Failure   Level
 Apportation              Tloc           0%         N/A       56%         1
 Necrotise                Necr           0%         1d4       56%         1
 Summon Small Mammal      Summ           0%         N/A       56%         1


Dungeon Overview and Level Annotations

Branches:
Dungeon (4/15) Zot: 913
 Temple: D:4-7

Altars:

Portals:
Sewer: D:3


Innate Abilities, Weirdness & Mutations

You are something dangerously unstable.
You glow with magical radiation, making you easy to see and hit.
Foes you strike become dangerously contaminated with magical radiation.
Your maximum health is decreased, since you lack skill for your form.
You are incapable of wielding weapons or throwing items.
You passively map a small area around you.
You are easily found by Zot.
You glow in the dark.
You regain HP and MP as you explore.


Message History

You kill the ogre!
The ball python closely misses you. The ball python constricts you.
Your Unarmed Combat skill increases to level 6!
You have reached level 5!
You have reached level 6!
You feel agile.
You escape the ball python's grasp.
The endoplasm attacks as it pursues you!
The endoplasm hits you but does no damage.
The endoplasm attacks as it pursues you!
The endoplasm hits you.
* * * LOW HITPOINT WARNING * * *
You hit the endoplasm.
The endoplasm begins to glow.
The endoplasm is heavily wounded.
You hit the endoplasm.
You kill the endoplasm!
The ball python stops glowing.
You barely miss the ball python.
The ball python is moderately wounded.
The ball python bites you.
* * * LOW HITPOINT WARNING * * *
The ball python closely misses you.
You hit the ball python.
The ball python begins to glow.
The ball python is severely wounded.
The ball python bites you but does no damage.
The ball python barely misses you.
You hit the ball python.
You kill the ball python!
The dart slug launches a dart at you. The slug dart hits you.
* * * LOW HITPOINT WARNING * * *
The dart slug bites you.
* * * LOW HITPOINT WARNING * * *
You see here a ball python corpse.
You hit the dart slug but do no damage.
The dart slug begins to glow.
You hit the dart slug.
The dart slug glows dangerously bright.
The dart slug is severely wounded.
The dart slug launches a dart at you. The slug dart hits you.
You die...

######### ,
########..(.....
#.....pw.....###
#.######.......#
* * , #<........
* #S)......# ,,,
*,.w.......# ,
.#..#...#.# ,
#.#..##.##,# ,#
#...,..., * #..#
.### *


You could see a dart slug (heavy contam).

Vanquished Creatures
  An ogre (D:4)
  A gnoll (D:1)
  An adder (D:3)
  A dart slug (D:3)
  3 orcs (D:3)
  10 ball pythons
  7 bats
  6 endoplasms
  2 giant cockroaches
  A goblin (D:1)
  2 hobgoblins (D:3)
  2 jackals (D:1)
  2 kobolds
  8 quokkas
  4 frilled lizards
  4 rats
55 creatures vanquished.

Notes
Turn   | Place    | Note
-------+----------+-------------------------------------------
     0 | D:1      | lunkers the Meteoran Shapeshifter began the quest for the
                  | Orb.
     0 | D:1      | Reached XP level 1. HP: 16/16 MP: 2/2
     2 | D:1      | Noticed a naga
     2 | D:1      | Noticed a demonspawn
     4 | D:1      | Noticed a ghoul
     4 | D:1      | Noticed a felid
     6 | D:1      | Noticed a tengu
     6 | D:1      | Noticed a human
     8 | D:1      | Noticed a vine stalker
     8 | D:1      | Noticed an elf
    10 | D:1      | Noticed a spriggan
    12 | D:1      | Noticed a minotaur
    12 | D:1      | Noticed a draconian
    14 | D:1      | Noticed a troll
    14 | D:1      | Noticed an octopode
    16 | D:1      | Noticed a merfolk
    16 | D:1      | Noticed a vampire
    18 | D:1      | Noticed a formicid
    18 | D:1      | Noticed a demigod
    20 | D:1      | Noticed an armataur
    22 | D:1      | Noticed a meteoran
    22 | D:1      | Noticed an ogre
    24 | D:1      | Noticed a demonspawn
    24 | D:1      | Noticed a gargoyle
    26 | D:1      | Noticed a gargoyle
    26 | D:1      | Noticed a demonspawn
   106 | D:1      | Reached skill level 4 in Unarmed Combat
   106 | D:1      | Reached XP level 2. HP: 14/23 MP: 3/3
   283 | D:1      | Reached XP level 3. HP: 23/28 MP: 4/4
   785 | D:2      | Reached XP level 4. HP: 35/35 MP: 5/5
  1112 | D:3      | Found a glowing drain.
  1114 | D:3      | Reached skill level 5 in Unarmed Combat
  1476 | D:4      | Noticed an ogre
  1485 | D:4      | HP: 1/26 [ball python (1)]
  1486 | D:4      | Killed an ogre
  1487 | D:4      | Reached skill level 6 in Unarmed Combat
  1487 | D:4      | Reached XP level 5. HP: 2/40 MP: 6/6
  1487 | D:4      | Reached XP level 6. HP: 2/47 MP: 7/7
  1496 | D:4      | HP: 1/37 [dart slug (2)]
  1498 | D:4      | Killed from afar by a dart slug

Illustrated notes

Levels and vault maps discovered:
D:1:      kb_arrival_jail, layout_rooms
D:2:      layout_basic, grunt_decor_resistance
D:3:      layout_basic, portal_sewer_entry_a, kennysheep_cross_room
D:4:      layout_loops_ring, ashenzari_altar_1, nicolae_shop_clearance,
          uniq_ijyb

Skill      XL: |  1  2  3  4 |
---------------+-------------+-----
Unarmed Combat | 4 6 |  6.2
Shapeshifting  | 4 |  4.8
Fighting       | |  1.1
Dodging        | |  2.1

Action                     |  1- 3 |  4- 6 || total
---------------------------+-------+-------++-------
  Melee: Unarmed           |    82 |    73 ||   155
         Punch             |     2 |     1 ||     3
 Armour: Animal skin       |    12 |       ||    12
         Ring mail         |    26 |    48 ||    74
  Dodge: Dodged            |    63 |    52 ||   115
   Form: Flux              |       |     1 ||     1

Table legend: (Time is in decaauts)
 A = Elapsed time spent in this place.
 B = Non-inter-level travel time spent in this place.
 C = Inter-level travel time spent in this place.
 D = Time resting spent in this place.
 E = Time spent auto-exploring this place.
 F = Levels seen in this place.
 G = Mean time per level.
                   A        B        C        D        E       F      G
               +--------+--------+--------+--------+--------+-----+--------+
         Total |   1485 |   1458 |     27 |      0 |   1119 |   4 |  371.2 |
       Dungeon |   1485 |   1458 |     27 |      0 |   1119 |   4 |  371.2 |
               +--------+--------+--------+--------+--------+-----+--------+

Top non-repeatable levels by time:
     D:2: 629 daAuts
     D:1: 467 daAuts
     D:3: 367 daAuts
     D:4: 20 daAuts
